 Dungeon Crawl Stone Soup version 0.27.1-35-g4d5d836560 (webtiles) character file.

Game seed: 9937113870946067181

59195 Froggeryz the Blinker (level 14, -29/66 HPs)
             Began as a Felid Summoner on Mar 11, 2022.
             Was an Initiate of Gozag.
             Shot with an arrow by a naga sharpshooter (34 damage)
             ... on level 1 of the Snake Pit on Mar 12, 2022.
             The game lasted 02:08:55 (44098 turns).

Froggeryz the Blinker (Felid Summoner)             Turns: 44098, Time: 02:08:56

Health: -29/66     AC:  3    Str:  2    XL:     14   Next: 52%
Magic:  27/39      EV: 17    Int: 21    God:    Gozag
Gold:   6102       SH:  0    Dex: 17    Spells: 6/35 levels left
                                        Lives:  0   Deaths: 4

rFire    + . .     SeeInvis +     - Unarmed
rCold    + + +     Faith    .   (shield unavailable)
rNeg     . . .     Spirit   .   (armour unavailable)
rPois    +         Reflect  .   (helmet unavailable)
rElec    +         Harm     .   (cloak unavailable)
rCorr    .         Rampage  .   (gloves unavailable)
Will     +++..                  (boots unavailable)
Stlth    ++........             e - amulet of the Twisting Priest {RegenMP rF+}
HPRegen  0.21/turn              d - ring "Duxtas" {Wiz rElec Will+ MP+9}
MPRegen  0.51/turn              y - ring of Siddaf {rPois rC+}

@: studying Necromancy, quick
A: very small, claws 1, fangs 3, see invisible, speed 1, shaggy fur 3, stealthy
paws, no weapons or thrown items, no armour, multi-lived, cold resistance 1,
weak 1
a: Renounce Religion, Potion Petition, Call Merchant, Bribe Branch


You were on level 1 of the Snake Pit.
You worshipped Gozag.
Gozag was greatly pleased with you.
You visited 4 branches of the dungeon, and saw 24 of its levels.
You also visited: Ossuary, Gauntlet and Ice Cave.

You collected 10617 gold pieces.
You spent 1599 gold pieces at shops.
You paid 2916 gold pieces to Gozag.

Inventory:

Jewellery
 b - a ring of flight
 d - the ring "Duxtas" (left paw) {Wiz rElec Will+ MP+9}
   (You acquired it on level 4 of the Lair of Beasts)

   [ring of wizardry]

   It improves your spell success rate.
   rElec:     It insulates you from electricity.
   MP:        It affects your magic capacity (+9).
   Will:      It increases your willpower.
 e - the amulet of the Twisting Priest (around neck) {RegenMP rF+}
   (You acquired it on level 7 of the Dungeon)

   [amulet of magic regeneration]

   It increases your rate of magic regeneration.
   rF:        It protects you from fire.
 f - a ring of fire
 p - a ring of resist corrosion
 r - the amulet of Vampiric Thralls {+Blink +Inv rC+++ Regen+ Str-4}
   (You found it on level 6 of the Lair of Beasts)

   [amulet of regeneration]

   Str:       It affects your strength (-4).
   rC:        It renders you almost immune to cold.
   +Inv:      It lets you turn invisible.
   +Blink:    It lets you blink.
   Regen:     It increases your rate of health regeneration.
 y - the ring of Siddaf (right paw) {rPois rC+}
   (You bought it in a shop on level 7 of the Dungeon)

   [ring of protection from cold]

   rC:        It protects you from cold.
   rPois:     It protects you from poison.
 B - a ring of willpower
 F - the ring of Xom's Passing Interest {Contam rC++ Str+8 Int+6 Stlth+}
   (You found it in a Gauntlet)

   [ring of intelligence]

   Str:       It affects your strength (+8).
   Int:       It affects your intelligence (+6).
   rC:        It greatly protects you from cold.
   Contam:    It causes magical contamination when unequipped.
   Stlth:     It makes you more stealthy.
Wands
 i - a wand of polymorph (13)
 l - a wand of iceblast (3)
 m - a wand of flame (41)
 q - a wand of digging (9)
 D - a wand of paralysis (16)
 E - a wand of acid (23)
Scrolls
 h - a scroll of blinking
 j - 2 scrolls of magic mapping
 o - 5 scrolls of identify
 v - 5 scrolls of teleportation
 C - 2 scrolls of immolation
 J - a scroll of fog
 K - 3 scrolls of fear
 L - a scroll of summoning
 M - a scroll of holy word
Potions
 a - 11 potions of ambrosia
 c - 8 potions of curing
 g - 6 potions of brilliance
 k - 2 potions of mutation
 n - 2 potions of cancellation {unknown}
 s - 2 potions of berserk rage
 t - 8 potions of attraction
 w - 4 potions of might
 x - 3 potions of flight
 z - a potion of haste
 A - 3 potions of magic
 G - a potion of invisibility


   Skills:
 - Level 10.3 Fighting
 - Level 2.6 Dodging
 - Level 2.6 Stealth
 - Level 4.0 Unarmed Combat
 - Level 11.0 Spellcasting
 - Level 10.1 Hexes
 - Level 13.1 Summonings
 + Level 15.3 Translocations
 * Level 11.5 Transmutations
 + Level 9.2 Air Magic


You had 6 spell levels left.
You knew the following spells:

 Your Spells              Type           Power      Damage    Failure   Level
a - Manifold Assault      Tloc           66%        N/A       1%          5
c - Call Canine Familiar  Summ           61%        N/A       1%          3
d - Summon Guardian Gole  Hex/Summ       57%        N/A       1%          3
e - Summon Lightning Spi  Summ/Air       55%        N/A       1%          4
f - Summon Mana Viper     Hex/Summ       57%        N/A       1%          5
g - Blink                 Tloc           N/A        N/A       0%          2
h - Storm Form            Tmut/Air       26%        N/A       26%         7

Your spell library contained the following spells:

 Spells                   Type           Power      Damage    Failure   Level
 Corona                   Hex            57%        N/A       1%          1
 Summon Small Mammal      Summ           100%       N/A       1%          1
 Call Imp                 Summ           61%        N/A       1%          2
 Ensorcelled Hibernation  Hex/Ice        64%        N/A       1%          2
 Passwall                 Tmut/Erth      29%        N/A       1%          2
 Slow                     Hex            52%        N/A       1%          2
 Wereblood                Tmut           56%        N/A       1%          2
 Tukima's Dance           Hex            52%        N/A       1%          3
 Cause Fear               Hex            26%        N/A       1%          4
 Blade Hands              Tmut           28%        N/A       1%          5
 Silence                  Hex/Air        25%        N/A       1%          5
 Freeze                   Ice            44%        1d6       2%          1
 Magic Dart               Conj           44%        1d5       2%          1
 Sandblast                Erth           22%        2d7       2%          1
 Petrify                  Tmut/Erth      35%        N/A       2%          4
 Searing Ray              Conj           22%        3d3       3%          2
 Sublimation of Blood     Necr           5%         N/A       3%          2
 Fulminant Prism          Conj/Hex       16%        3d11      3%          4
 Frozen Ramparts          Ice            22%        1d4       7%          3
 Ozocubu's Armour         Ice            11%        N/A       7%          3
 Stone Arrow              Conj/Erth      22%        3d8       7%          3
 Metabolic Englaciation   Hex/Ice        16%        N/A       9%          5
 Hailstorm                Conj/Ice       11%        3d5       22%         4
 Borgnjor's Vile Clutch   Necr/Erth      5%         N/A       52%         5
 Iskenderun's Battlesphe  Conj           11%        2d7       52%         5
 Lee's Rapid Deconstruct  Erth           5%         3d7*      52%         5
 Iron Shot                Conj/Erth      5%         9d2       96%         6
 Simulacrum               Ice/Necr       5%         N/A       96%         6
 Summon Hydra             Summ           30%        N/A       9%          7
 Dragon Form              Tmut           28%        N/A       17%         7
 Spellforged Servitor     Conj/Summ      19%        N/A       75%         7
 Orb of Destruction       Conj           5%         9d2       100%        7
 Lehudib's Crystal Spear  Conj/Erth      5%         10d3      100%        8
 Dragon's Call            Summ           30%        N/A       100%        9
 Animate Armour           Summ/Erth      Unusable   N/A       N/A         4

Dungeon Overview and Level Annotations

Branches:
Dungeon (15/15)            Temple (0/1) D:6            Lair (6/6) D:9
  Swamp (0/4) Lair:4        Snake (1/4) Lair:4        Slime (0/5) Lair:5
    Orc (2/2) D:12            Elf (0/3) Orc:2        Vaults (0/5) D:13
 Depths (0/5) D:15        Ossuary (visited)           IceCv (visited)
Gauntlet (visited)

Altars:
Elyvilon
Fedhas
Gozag
Nemelex Xobeh
Okawaru
Qazlal
Sif Muna
The Shining One
Beogh
Jiyva

Shops:
D:7 =   D:9 :   Orc:1 ?   Orc:2 ?:?[   Lair:6 =

Portals:
Pandemonium: Orc:2

Annotations:
D:4 2 runed translucent doors, hitsuchi's ghost, novice PaAK
Lair:6 exclusion: 3 oklob plants
Orc:2 2 exclusions


Innate Abilities, Weirdness & Mutations

You have sharp claws.
You have razor-sharp teeth.
You have supernaturally acute eyesight. (SInv)
You cover ground quickly. (Speed+)
Your thick and shaggy fur keeps you warm. (AC +3, rC+)
Your paws help you pounce on unaware monsters.
You are incapable of wielding weapons or throwing items.
You cannot wear armour.
You gain extra lives every three experience levels.
Your flesh is cold resistant. (rC+)
You are weak. (Str -2)


Message History

You now have 6102 gold pieces (gained 6).
Things that are here:
a +0 shortbow of flaming; 17 arrows
Found 12 stones.
A naga sharpshooter comes into view.
It is wielding a +0 long sword of electrocution.
A naga sharpshooter is nearby!
Casting: Summon Lightning Spire (safe; 1% risk of failure)
Confirm with . or Enter, or press ? or * to list all spells.
A mana viper appears with a sibilant hiss.
Casting: Summon Mana Viper (dangerous; 1% risk of failure)
Confirm with . or Enter, or press ? or * to list all spells.
An electric hum fills the air.
The naga sharpshooter shouts!
The naga sharpshooter unwields a +0 long sword of electrocution.
It stops crackling.
The naga sharpshooter wields a +2 longbow of flaming.
It bursts into flame!
The naga sharpshooter shoots an arrow.
The arrow hits you!!
Ouch! That really hurt!
The arrow burns you.
Your lightning spire shoots out a bolt of lightning at the naga sharpshooter!
The bolt of electricity hits the naga sharpshooter!
The naga sharpshooter mumbles some strange words.
The naga sharpshooter magically shoots an arrow.
The arrow hits you!!
* * * LOW HITPOINT WARNING * * *
The arrow burns you.
* * * LOW HITPOINT WARNING * * *
Your lightning spire shoots out a bolt of lightning at the naga sharpshooter!
The bolt of electricity hits the naga sharpshooter!
The naga sharpshooter casts a spell.
The naga sharpshooter magically shoots an arrow.
The arrow completely misses you.
Casting: Summon Lightning Spire (safe; 1% risk of failure)
Confirm with . or Enter, or press ? or * to list all spells.
A mana viper appears with a sibilant hiss.
The naga sharpshooter shoots an arrow.
The arrow hits you!!
Ouch! That really hurt!
You die...
Your body crumbles into a pile of gold.

############
...........#
...........#
......8@...#####
...........'...#
..S.....S..###.#
...........# #.#####
N..........# #.....#
...........###.....####
.......................
.........(.............
............##.#.######


You could see a naga sharpshooter (ally target), 2 friendly mana vipers and a
friendly lightning spire (summoned).

Vanquished Creatures
  A spectral elephant (Lair:6)
  4 bullfrogs
  An electric eel (D:15)
  A wolf simulacrum (IceCv)
  4 orcs
  2 ball pythons (D:1)
  A hobgoblin (D:2)
  A kobold (D:3)
  A bat (D:2)
16 creatures vanquished.

Vanquished Creatures (collateral kills)
  Gastronok (Orc:1)
  A reaper (Gauntlet)
  A minotaur (Gauntlet)
  5 dire elephants (Lair:6)
  The ghost of Tzialkovskiy the Grappler, a journeyman TrBr of Okawaru (Lair:2)
  2 boulder beetles
  Erolcha (D:10)
  16 hydras
  An ogre mage (D:15)
  2 vault guards (D:13)
  5 catoblepae
  5 centaur warriors
  3 two-headed ogres
  16 death yaks
  A tengu warrior (D:15)
  2 soul eaters (Orc:2)
  A spectral dire elephant (Lair:6)
  4 orc high priests (Orc:2)
  2 skeletal warriors (D:13)
  A fire crab (shapeshifter) (D:9)
  A deep troll (Orc:1)
  A spectral death yak (Lair:6)
  A spectral anaconda (Lair:6)
  An obsidian statue (Lair:6)
  A gelid demonspawn (Orc:2)
  2 torturous demonspawn (Orc:2)
  A glowing orange brain (shapeshifter) (D:9)
  A lindwurm (Lair:6)
  2 naga ritualists (Snake:1)
  A wizard (D:15)
  5 necromancers
  7 orc knights
  2 mana vipers (Snake:1)
  A deep elf pyromancer (D:15)
  2 oklob plants
  5 ugly things (D:15)
  2 cyclopes
  A salamander (Snake:1)
  10 orc sorcerers
  4 manticores
  16 black mambas
  An ice statue (IceCv)
  15 elephants
  A dire elephant zombie (Lair:6)
  Joseph (D:9)
  11 cane toads
  A gargoyle (D:11)
  A naga mage (Snake:1)
  A cane toad (shapeshifter) (D:15)
  3 torpor snails
  An unseen horror (D:12)
  2 kobold demonologists
  3 rime drakes
  11 komodo dragons
  8 ice devils (IceCv)
  2 freezing wraiths
  An anaconda simulacrum (IceCv)
  2 hellwings
  A red devil (Orc:2)
  An entropy weaver simulacrum (IceCv)
  A queen bee (Lair:1)
  4 polar bears
  3 trolls
  A hornet (D:9)
  Prince Ribbit (D:8)
  10 blink frogs
  9 dream sheep
  A meliai zombie (D:10)
  6 slime creatures
  3 centaur simulacra
  39 yaks
  2 shadows
  A ynoxinul (Orc:2)
  7 wyverns
  7 basilisks
  4 wraiths
  A water elemental (D:15)
  A chaos spawn (Orc:2)
  7 humans (D:13)
  2 steam dragons
  3 vampires
  Menkaure (D:4)
  4 death yak simulacra
  12 vampire mosquitoes
  4 wargs
  3 swamp worms (Lair:4)
  5 acid dragons
  2 harpy simulacra
  A spectral cane toad (Lair:6)
  16 water moccasins
  An ice beast (shapeshifter) (D:14)
  41 orc warriors
  A hornet zombie (D:9)
  A necrophage (D:5)
  A black bear (D:7)
  3 sky beasts
  2 ogres
  An elephant skeleton (Lair:6)
  18 wolves
  15 centaurs
  A phantom (D:7)
  3 kobold brigands
  A gnoll sergeant (D:9)
  9 bullfrogs
  5 scorpions
  A cane toad simulacrum (IceCv)
  2 water moccasin zombies
  A hornet simulacrum (D:15)
  23 killer bees
  3 elephant simulacra (IceCv)
  2 nameless horrors
  A wight (D:9)
  An electric eel (Lair:6)
  7 howler monkeys
  A troll skeleton (D:9)
  4 spriggan skeletons (D:9)
  4 centaur zombies
  4 jellies
  38 orc priests
  2 gnoll shamans (D:9)
  14 hounds
  2 bullfrog skeletons
  Jessica (D:3)
  A scorpion zombie (D:5)
  Natasha (thrice) (D:2)
  6 iguanas
  24 orc wizards
  5 polar bear simulacra
  6 wolf simulacra (IceCv)
  2 killer bee zombies
  A hound skeleton (D:4)
  2 mummies (Ossuary)
  A howler monkey skeleton (D:5)
  25 gnolls
  5 adders
  2 naga simulacra (D:13)
  A shadow imp (D:5)
  2 white imps
  2 ufetubi
  4 adder zombies (Ossuary)
  An adder skeleton (D:4)
  A worm (D:3)
  5 dart slugs
  112 orcs
  4 ball pythons
  12 endoplasms
  2 giant cockroaches
  5 gnoll zombies (Ossuary)
  6 goblins
  9 hobgoblins
  4 jackals (D:9)
  3 quokkas
  2 bats (D:3)
  A frilled lizard (D:1)
  A goblin zombie (D:7)
  5 hobgoblin zombies (Ossuary)
  11 kobolds
  6 kobold zombies (Ossuary)
  8 orc zombies (Ossuary)
  A quokka zombie (D:7)
  7 rats
  A bush (Lair:3)
879 creatures vanquished.

Vanquished Creatures (others)
  4 hydras
  2 vault guards (D:13)
  2 boulder beetles
  2 centaur warriors
  A two-headed ogre (D:9)
  4 death yaks (Lair:6)
  An orc high priest (Orc:2)
  A skeletal warrior (D:13)
  A deep troll (D:15)
  A harpy (shapeshifter) (D:15)
  An orc knight (Orc:1)
  9 ugly things (D:15)
  4 elephants
  3 black mambas
  2 hellwings
  2 freezing wraiths (IceCv)
  7 ice devils (IceCv)
  4 trolls
  A blink frog (Lair:3)
  A hornet (D:9)
  A spectral elephant (Lair:6)
  A slime creature (D:14)
  A centaur simulacrum (Gauntlet)
  3 wyverns
  Grum (D:8)
  3 dire elephant simulacra (IceCv)
  10 yaks
  A human (D:13)
  A vampire mosquito (D:15)
  A death yak simulacrum (IceCv)
  A warg (Orc:1)
  3 water moccasins
  4 orc warriors
  2 wolves
  A centaur (D:6)
  An ogre (D:15)
  Blork the orc (D:6)
  A bullfrog (D:6)
  A wyvern zombie (D:6)
  2 two-headed ogre simulacra (D:13)
  A water moccasin skeleton (D:6)
  3 elephant simulacra
  3 killer bees
  5 wights (D:6)
  2 spriggan skeletons (D:9)
  A bullfrog zombie (D:6)
  A gnoll shaman (D:9)
  An iguana (D:6)
  An orc wizard (D:9)
  3 troll simulacra
  2 spriggan simulacra (IceCv)
  2 wolf simulacra (IceCv)
  An adder (D:6)
  A howler monkey skeleton (D:6)
  A naga simulacrum (D:13)
  A shadow imp (D:6)
  An orc (D:6)
  A bush (Lair:6)
  54 fungi
  113 plants
  38 withered plants (Lair:6)
329 creatures vanquished.

Grand Total: 1224 creatures vanquished

Notes
Turn   | Place    | Note
-------+----------+-------------------------------------------
     0 | D:1      | Froggeryz the Felid Summoner began the quest for the Orb.
     0 | D:1      | Reached XP level 1. HP: 7/7 MP: 4/4
   510 | D:1      | Reached XP level 2. HP: 11/11 MP: 4/6
   640 | D:1      | Found a stormy altar of Qazlal.
  1252 | D:2      | Learned a level 2 spell: Call Imp
  1556 | D:2      | Reached XP level 3. HP: 14/14 MP: 0/8
  1962 | D:2      | Noticed Natasha
  1987 | D:2      | Killed Natasha
  2051 | D:2      | Noticed Natasha
  2152 | D:2      | Reached XP level 4. HP: 18/18 MP: 1/9
  2200 | D:2      | Killed Natasha
  2301 | D:2      | Noticed Natasha
  2306 | D:2      | Killed Natasha
  2307 | D:2      | Reached skill level 5 in Summonings
  2380 | D:2      | Learned a level 3 spell: Call Canine Familiar
  2419 | D:2      | Found a blossoming altar of Fedhas.
  3028 | D:3      | Noticed Jessica
  3037 | D:3      | Killed Jessica
  3459 | D:3      | Found an opulent altar of Gozag.
  3475 | D:3      | Became a worshipper of Gozag Ym Sagoz the Greedy
  3537 | D:3      | Found a faded altar of an unknown god.
  3548 | D:3      | Noticed a fire elemental
  3550 | D:3      | Found a stormy altar of Qazlal.
  3552 | D:3      | Noticed a water elemental
  3552 | D:3      | Noticed an air elemental
  3552 | D:3      | Noticed an earth elemental
  3915 | D:4      | Noticed a scorpion
  3964 | D:4      | Killed a scorpion
  3965 | D:4      | Reached XP level 5. HP: 21/21 MP: 3/11
  4321 | D:4      | Noticed Menkaure
  4339 | D:4      | Killed Menkaure
  4613 | D:4      | Gained mutation: You are covered in thick fur. (AC +2)
                  | [Felid growth]
  4613 | D:4      | Reached XP level 6. HP: 24/24 MP: 6/13
  4813 | D:4      | Found a runed translucent door.
  4816 | D:4      | Noticed hitsuchi's ghost (novice PaAK)
  4945 | D:4      | Found a runed translucent door.
  4978 | D:5      | Entered Level 5 of the Dungeon
  5569 | D:5      | Found a white marble altar of Elyvilon.
  5734 | D:5      | Reached skill level 5 in Spellcasting
  5743 | D:5      | Learned a level 3 spell: Summon Guardian Golem
  5828 | D:5      | Reached skill level 1 in Hexes
  6068 | D:5      | Noticed a water moccasin
  6088 | D:5      | Reached XP level 7. HP: 27/27 MP: 3/15
  7320 | D:6      | Reached skill level 5 in Hexes
  7530 | D:6      | Reached XP level 8. HP: 31/31 MP: 10/16
  7802 | D:6      | Found an iron altar of Okawaru.
  7888 | D:6      | Found a staircase to the Ecumenical Temple.
  8126 | D:6      | Noticed Blork the orc
  8350 | D:6      | Killed Blork the orc
  8843 | D:7      | Found a sand-covered staircase.
  8861 | Ossuary  | Entered an ossuary
  9554 | D:7      | Reached skill level 10 in Summonings
  9689 | D:7      | Noticed a troll
  9705 | D:7      | Noticed a troll
  9717 | D:7      | Killed a troll
  9718 | D:7      | Reached XP level 9. HP: 34/34 MP: 13/17
  9733 | D:7      | Killed a troll
 10045 | D:7      | Bought the ring of Siddaf {rPois rC+} for 470 gold pieces
 10051 | D:7      | Identified a scroll of acquirement
 10051 | D:7      | Acquired the amulet of the Twisting Priest {RegenMP rF+}
 10185 | D:7      | Learned a level 4 spell: Summon Lightning Spire
 10440 | D:8      | Noticed Prince Ribbit
 10462 | D:8      | Killed Prince Ribbit
 10463 | D:8      | Reached skill level 1 in Air Magic
 11191 | D:8      | Reached skill level 1 in Fighting
 11773 | D:8      | Noticed Grum
 11857 | D:7      | Slain by a wolf
 11858 | D:7      | Reached XP level 8. HP: 0/33 MP: 16/16
 12061 | D:8      | Killed Grum
 12101 | D:8      | Found a shimmering blue altar of Sif Muna.
 12447 | D:9      | Found a staircase to the Lair.
 12473 | D:8      | Reached XP level 9. HP: 23/38 MP: 17/17
 12887 | D:9      | Splashed by an acid dragon's acid
 12888 | D:9      | Reached XP level 8. HP: -4/36 MP: 12/16
 12890 | D:10     | Entered Level 10 of the Dungeon
 12946 | D:9      | Noticed a troll
 12954 | D:9      | Killed a troll
 12976 | D:9      | Noticed a hornet
 12988 | D:9      | Killed a hornet
 13004 | D:9      | Noticed a two-headed ogre
 13021 | D:9      | Killed a two-headed ogre
 13022 | D:9      | Reached skill level 5 in Fighting
 13022 | D:9      | Reached skill level 5 in Air Magic
 13022 | D:9      | Reached XP level 9. HP: 18/40 MP: 9/17
 13140 | D:9      | Noticed Joseph
 13233 | D:9      | Noticed a troll
 13240 | D:9      | Killed a troll
 13252 | D:9      | Killed Joseph
 13546 | D:9      | Noticed a two-headed ogre
 13644 | D:9      | Killed a two-headed ogre
 14510 | D:9      | Reached XP level 10. HP: 46/46 MP: 10/18
 14638 | D:9      | Acquired Sif Muna's Disquisition on Earthen Bewitchment
 14646 | D:9      | Learned a level 5 spell: Summon Mana Viper
 15003 | D:9      | Noticed a fire crab
 15003 | D:9      | a spriggan changed into a fire crab
 15007 | D:9      | Killed a fire crab
 15013 | D:9      | Noticed a four-headed hydra
 15015 | D:9      | Shot with an arrow by a centaur
 15016 | D:9      | Reached XP level 9. HP: 0/43 MP: 17/17
 15417 | D:9      | Killed a four-headed hydra
 15460 | D:9      | Noticed a merfolk
 15463 | D:9      | a merfolk changed into a slime creature
 15468 | D:9      | Noticed a glowing orange brain
 15477 | D:9      | Killed a glowing orange brain
 16280 | Lair:1   | Entered Level 1 of the Lair of Beasts
 16328 | Lair:1   | Noticed a four-headed hydra
 16339 | Lair:1   | Killed a four-headed hydra
 16340 | Lair:1   | Reached XP level 10. HP: 47/47 MP: 13/18
 16388 | Lair:1   | Noticed a black mamba
 16400 | Lair:1   | Killed a black mamba
 16480 | Lair:1   | Noticed a black mamba
 16492 | Lair:1   | Killed a black mamba
 16493 | Lair:1   | Reached skill level 10 in Hexes
 16660 | Lair:1   | Noticed a cane toad
 16677 | Lair:1   | Killed a cane toad
 16810 | Lair:1   | Noticed a six-headed hydra
 16821 | Lair:1   | Killed a six-headed hydra
 17584 | Lair:1   | Noticed a black mamba
 17596 | Lair:1   | Killed a black mamba
 18107 | Lair:2   | Noticed a catoblepas
 18179 | Lair:2   | Killed a catoblepas
 18430 | Lair:2   | Noticed a catoblepas
 18456 | Lair:2   | Killed a catoblepas
 18457 | Lair:2   | Reached XP level 11. HP: 38/50 MP: 6/19
 18688 | Lair:2   | Noticed a four-headed hydra
 18696 | Lair:2   | Killed a four-headed hydra
 18826 | Lair:2   | Noticed a six-headed hydra
 18840 | Lair:2   | Killed a six-headed hydra
 19097 | Lair:2   | Found a large runed translucent door.
 19098 | Lair:2   | Found a large runed translucent door.
 19124 | Lair:2   | Noticed Tzialkovskiy's ghost (journeyman TrBr)
 19285 | Lair:2   | Killed Tzialkovskiy's ghost
 19321 | Lair:2   | Learned a level 2 spell: Blink
 19352 | Lair:3   | Noticed a four-headed hydra
 19361 | Lair:3   | Noticed an eight-headed hydra
 19362 | Lair:3   | Killed a four-headed hydra
 19363 | Lair:3   | Reached skill level 1 in Translocations
 19388 | Lair:3   | Killed an eight-headed hydra
 19389 | Lair:3   | Reached skill level 2 in Translocations
 19461 | Lair:3   | Reached skill level 3 in Translocations
 19544 | Lair:3   | Noticed a five-headed hydra
 19551 | Lair:3   | Killed a five-headed hydra
 19552 | Lair:3   | Reached skill level 4 in Translocations
 19720 | Lair:3   | Reached skill level 5 in Translocations
 19755 | Lair:3   | Noticed a seven-headed hydra
 19764 | Lair:3   | Killed a seven-headed hydra
 19938 | Lair:3   | Reached skill level 6 in Translocations
 20208 | Lair:3   | Reached skill level 7 in Translocations
 20377 | Lair:3   | Reached skill level 8 in Translocations
 20797 | Lair:4   | Found a gate leading to a gauntlet.
 20806 | Gauntlet | Entered a Gauntlet
 20806 | Gauntlet | Noticed a sixfirhy
 20806 | Gauntlet | Found a transporter.
 20806 | Gauntlet | Found a transporter.
 20808 | Gauntlet | Found a transporter.
 20808 | Gauntlet | Found a transporter.
 20811 | Gauntlet | Found a transporter.
 20813 | Gauntlet | Found a large runed translucent door.
 20813 | Gauntlet | Found a large runed translucent door.
 20841 | Gauntlet | Found a large runed translucent door.
 20842 | Gauntlet | Found a large runed translucent door.
 20842 | Gauntlet | Found a large runed translucent door.
 20842 | Gauntlet | Found a large runed translucent door.
 20843 | Gauntlet | Found a large runed translucent door.
 20843 | Gauntlet | Found a large runed translucent door.
 20843 | Gauntlet | Found a large runed translucent door.
 20844 | Gauntlet | Found a runed translucent door.
 20844 | Gauntlet | Found a runed translucent gate.
 20844 | Gauntlet | Noticed a reaper
 20845 | Gauntlet | Found a runed translucent gate.
 20845 | Gauntlet | Found a transporter.
 20846 | Gauntlet | Found a runed translucent door.
 20846 | Gauntlet | Found a runed translucent gate.
 20848 | Gauntlet | Found a transporter.
 20848 | Gauntlet | Found a transporter.
 20859 | Gauntlet | Noticed a wretched star
 20864 | Gauntlet | Found a transporter.
 20875 | Gauntlet | Found a transporter.
 20878 | Gauntlet | Noticed a blizzard demon
 20884 | Gauntlet | Found a runed translucent gate.
 20885 | Gauntlet | Found a transporter.
 20885 | Gauntlet | Found a runed translucent gate.
 20886 | Gauntlet | Found a runed translucent gate.
 20899 | Gauntlet | Found a transporter.
 20910 | Gauntlet | Found a large runed translucent door.
 20911 | Gauntlet | Found a large runed translucent door.
 20911 | Gauntlet | Found a large runed translucent door.
 20912 | Gauntlet | Found a large runed translucent door.
 20912 | Gauntlet | Found a large runed translucent door.
 20912 | Gauntlet | Found a large runed translucent door.
 20912 | Gauntlet | Found a large runed translucent door.
 20919 | Gauntlet | Found a transporter.
 20921 | Gauntlet | Noticed an oklob plant
 20926 | Gauntlet | Noticed a soul eater
 20934 | Gauntlet | Found a transporter.
 21056 | Gauntlet | Killed an oklob plant
 21070 | Gauntlet | Identified the ring of Xom's Passing Interest {Contam rC++
                  | Str+8 Int+6 Stlth+}
 21143 | Gauntlet | Killed a reaper
 21144 | Gauntlet | Reached skill level 9 in Translocations
 21340 | Gauntlet | Gained mutation: Your thick and shaggy fur keeps you warm.
                  | (AC +3, rC+) [Felid growth]
 21340 | Gauntlet | Reached XP level 12. HP: 50/58 MP: 9/20
 21387 | Gauntlet | Identified the ring "Qurierez" {rC+ Int+6 Stlth-}
 21407 | Gauntlet | Noticed a minotaur
 21414 | Gauntlet | Killed a minotaur
 21415 | Gauntlet | Reached skill level 10 in Fighting
 21532 | Lair:4   | Reached skill level 10 in Translocations
 21589 | Lair:4   | Found a staircase to the Snake Pit.
 21913 | Lair:4   | Noticed a five-headed hydra
 21921 | Lair:4   | Killed a five-headed hydra
 22100 | Lair:4   | Found a staircase to the Swamp.
 22103 | Lair:4   | Noticed a seven-headed hydra
 22116 | Lair:4   | Killed a seven-headed hydra
 22117 | Lair:4   | Reached skill level 1 in Unarmed Combat
 22117 | Lair:4   | Reached skill level 11 in Translocations
 22489 | Lair:4   | Noticed a seven-headed hydra
 22503 | Lair:4   | Killed a seven-headed hydra
 22510 | Lair:4   | Reached skill level 12 in Translocations
 23203 | Lair:4   | Noticed a five-headed hydra
 23212 | Lair:4   | Killed a five-headed hydra
 23720 | Lair:5   | Found a viscous altar of Jiyva.
 23720 | Lair:5   | Found a staircase to the Slime Pits.
 23740 | Lair:5   | Noticed a catoblepas
 23755 | Lair:5   | Killed a catoblepas
 23972 | Lair:5   | Noticed a boulder beetle
 23998 | Lair:5   | Noticed a boulder beetle
 24028 | Lair:5   | Killed a boulder beetle
 24078 | Lair:5   | Noticed an eight-headed hydra
 24356 | Lair:4   | Acquired the ring "Duxtas" {Wiz rElec Will+ MP+9}
 24550 | Lair:5   | Killed a boulder beetle
 24594 | Lair:5   | Killed an eight-headed hydra
 24957 | Lair:6   | Entered Level 6 of the Lair of Beasts
 24960 | Lair:6   | Noticed a death yak
 24960 | Lair:6   | Noticed a death yak
 24960 | Lair:6   | Noticed a death yak
 24961 | Lair:6   | Noticed a death yak
 24961 | Lair:6   | Noticed a death yak
 24963 | Lair:6   | Noticed a death yak
 24997 | Lair:5   | Killed a death yak
 25067 | Lair:6   | Noticed an eight-headed hydra
 25067 | Lair:6   | Noticed a seven-headed hydra
 25067 | Lair:6   | Noticed a death yak
 25067 | Lair:6   | Noticed a death yak
 25067 | Lair:6   | Noticed a death yak
 25067 | Lair:6   | Noticed a death yak
 25067 | Lair:6   | Noticed a death yak
 25067 | Lair:6   | Noticed a death yak
 25488 | Lair:5   | Killed a death yak
 25496 | Lair:5   | Killed a death yak
 25499 | Lair:5   | Killed a death yak
 25701 | Lair:5   | Killed a death yak
 25917 | Lair:5   | Reached XP level 13. HP: 58/61 MP: 13/24
 27280 | Lair:6   | Noticed a dire elephant
 27280 | Lair:6   | Noticed a dire elephant
 27280 | Lair:6   | Noticed a dire elephant
 27280 | Lair:6   | Noticed a dire elephant
 27280 | Lair:6   | Noticed a dire elephant
 27325 | Lair:6   | Killed a dire elephant
 27440 | Lair:6   | Reached skill level 10 in Spellcasting
 27875 | Lair:6   | Identified the amulet of Vampiric Thralls {+Blink +Inv
                  | rC+++ Regen+ Str-4}
 27989 | Lair:6   | Killed a dire elephant
 28001 | Lair:6   | Killed a dire elephant
 28066 | Lair:6   | Learned a level 7 spell: Storm Form
 28111 | Lair:6   | Killed a dire elephant
 28112 | Lair:6   | Reached skill level 1 in Transmutations
 28475 | Lair:6   | Killed a dire elephant
 28877 | Lair:6   | Found the +9 staff of Olgreb {rPois∞}
 29653 | Lair:6   | Reached XP level 14. HP: 66/66 MP: 14/30
 30204 | D:10     | Reached skill level 5 in Transmutations
 30571 | D:10     | Found a blossoming altar of Fedhas.
 30576 | D:10     | Found a glowing golden altar of the Shining One.
 30656 | D:10     | Noticed Erolcha
 30663 | D:10     | Killed Erolcha
 30664 | D:10     | Reached skill level 13 in Translocations
 30772 | D:10     | Found a sparkling altar of Nemelex Xobeh.
 32444 | D:12     | Found a staircase to the Orcish Mines.
 32444 | D:12     | Identified the +1 ring mail of Marphuseso {-Cast rF+ Str+2}
 33023 | Orc:1    | Entered Level 1 of the Orcish Mines
 33200 | Orc:1    | Found Asat's Magic Scroll Emporium.
 33200 | Orc:1    | Noticed Gastronok
 33209 | Orc:1    | Killed Gastronok
 33329 | Orc:1    | Bought a scroll of amnesia for 49 gold pieces
 33363 | Orc:1    | Learned a level 5 spell: Manifold Assault
 33778 | Orc:2    | Entered Level 2 of the Orcish Mines
 33778 | Orc:2    | Found a staircase to the Elven Halls.
 34217 | Orc:2    | Found Kyorgh's Jewellery Boutique.
 35232 | Orc:2    | Found Xidaliaxt's Magic Scroll Boutique.
 35236 | Orc:2    | Found Nyemap's Magic Scroll Shop.
 35247 | Orc:2    | Bought a scroll of fog for 30 gold pieces
 35247 | Orc:2    | Bought a scroll of fear for 52 gold pieces
 35247 | Orc:2    | Bought a scroll of teleportation for 45 gold pieces
 35247 | Orc:2    | Bought a scroll of magic mapping for 52 gold pieces
 35249 | Orc:2    | Bought a scroll of immolation for 49 gold pieces
 35251 | Orc:2    | Bought a scroll of summoning for 142 gold pieces
 35251 | Orc:2    | Bought a scroll of holy word for 112 gold pieces
 36168 | Orc:2    | Reached skill level 14 in Translocations
 36203 | Orc:2    | HP: 3/63 [orc sorcerer/bolt of negative energy (29)]
 36575 | Orc:2    | Found Wangudd's Book Shoppe.
 36575 | Orc:2    | Found Ozacaff's Antique Armour Emporium.
 36576 | Orc:2    | Found a one-way gate leading to the halls of Pandemonium.
 36578 | Orc:2    | Bought a book of the Dragon for 598 gold pieces
 37050 | D:13     | Found a frozen archway.
 37085 | IceCv    | Entered an ice cave
 38220 | IceCv    | Found an ancient bone altar of Kikubaaqudgha.
 39230 | D:13     | Reached skill level 10 in Transmutations
 39278 | D:13     | Found a gate to the Vaults.
 39778 | D:14     | Hit by a large rock thrown by a cyclops
 39779 | D:14     | Reached XP level 13. HP: -5/61 MP: 36/38
 39918 | D:14     | Reached XP level 14. HP: 29/66 MP: 26/30
 41254 | D:15     | Entered Level 15 of the Dungeon
 41893 | D:15     | Found a staircase to the Depths.
 42146 | D:15     | Found a blossoming altar of Fedhas.
 42205 | D:15     | Reached skill level 15 in Translocations
 43461 | Snake:1  | Entered Level 1 of the Snake Pit
 43479 | Snake:1  | Gained mutation: You do not regenerate when monsters are
                  | visible. [mutagenic glow]
 43798 | Snake:1  | Lost mutation: You do not regenerate when monsters are
                  | visible. [potion of mutation]
 43798 | Snake:1  | Gained mutation: You are weak. (Str -2) [potion of
                  | mutation]
 43798 | Snake:1  | Gained mutation: Your flesh is cold resistant. (rC+)
                  | [potion of mutation]
 44098 | Snake:1  | Shot with an arrow by a naga sharpshooter

Illustrated notes

Levels and vault maps discovered:
D:1:      psy_arrival_radial02, layout_basic, kennysheep_flooded_box,
          minmay_pentomino_w2
D:2:      layout_rooms, basic_altar, uniq_natasha
D:3:      layout_basic, nicolae_overflow_crystal_walls,
          nicolae_qazlal_style_of_elements,
          shapermc_ecumenical_altar_mp_vishouse, uniq_jessica
D:4:      layout_basic, ebering_ghost_sewer_f, uniq_menkaure
D:5:      layout_rooms, elyvilon_altar_3, st_stairs_11
D:6:      minmay_razor_zed, layout_basic, okawaru_gym_becter, temple_statues,
          uniq_blork_the_orc
D:7:      minmay_chambers_of_fours, layout_rooms, enter_ossuary_4
D:8:      layout_rooms, led_sif_book, serial_glass, glass_columns_a,
          glass_columns_a, feat_on_display, due_unseen_surprise,
          item_on_display_a, item_on_display_a, minmay_diced_spiral, uniq_grum,
          uniq_prince_ribbit1
D:9:      nzn_winding_woodlands_cross [nzn_winding_woodlands_5x15_cabin,
          nzn_winding_woodlands_5x15_river_crossing,
          nzn_winding_woodlands_5x15_zeroes, nzn_winding_woodlands_5x15_crooked,
          nzn_winding_woodlands_15x15_boxy_spiral], layout_cave_pools,
          minmay_lair_entry_grove, serial_gnoll_camp, gnoll_camp_medium_02,
          gnoll_camp_mini_doghouse, gnoll_camp_mini_basic, gnoll_camp_mini_hut,
          gnoll_camp_mini_loothouse, gnoll_camp_mini_basic,
          corexii_leaking_fountain, hangedman_tell_no_tales, uniq_joseph
D:10:     argonaut_augean_stables, layout_loops_corners,
          grunt_temple_overflow_open, nemelex_spade_bored_becter,
          minmay_misc_feat_tiny, chequers_serial_rivers_small_3, uniq_erolcha
D:11:     layout_irregular_city
D:12:     layout_gridville, orc_0_dummy
D:13:     layout_basic, ximxim_vaults_locker_room,
          portal_ice_cave_entry_ice_simulacra
D:14:     layout_irregular_city, infiniplex_staircase_pool_1, enter_bailey_3
D:15:     hangedman_depths_entry_civil_slaughter, layout_loops_ring,
          special_room [special_room_orc], serial_bayou, serial_bayou_pond_c,
          serial_bayou_pond_b, serial_bayou_crossing, serial_bayou_pond_b,
          hex_tiny, fedhas_altar_2
Lair:1:   layout_layer_cave, special_room [special_room_bee]
Lair:2:   layout_roguey, ebering_ghost_disaster_area
Lair:3:   layout_chaotic_city
Lair:4:   layout_layer_cave, palyth_hydra_swamp_entry,
          minmay_snake_entry_six_corridors, gauntlet_entry_generic,
          serial_bayou_shore_b
Lair:5:   layout_misc_corridors, slime_altar_1, grunt_megastairs_4
Lair:6:   due_jungle_book, layout_hall_layers, columned_hall_lemuel,
          serial_bayou_shore_a, infiniplex_staircase_pool,
          minmay_lair_oklob_chamber, grunt_megastairs_1
Snake:1:  layout_basic, uniq_frances
Orc:1:    layout_caves, guppyfry_orc_lava_fort, uniq_gastronok
Orc:2:    pf_orc_diabolical, layout_caves, serial_shops, shop, basic_altar

Skill      XL: |  1  2  3  4  5  6  7  8  9 10 11 12 13 14 |
---------------+-------------------------------------------+-----
Spellcasting   | 3 4 5 7 11 | 11.0
Summonings     | 5 6 7 10 11 13 | 13.1
Hexes          | 1 6 9 10 | 10.1
Air Magic      | 5 6 7 9 |  9.2
Fighting       | 5 6 7 9 10 | 10.3
Translocations | 9 12 15 | 15.3
Unarmed Combat | 4 |  4.0
Transmutations | 4 11 | 11.5
Dodging        | |  2.6
Stealth        | |  2.6

Action                   |  1- 3 |  4- 6 |  7- 9 | 10-12 | 13-15 || total
-------------------------+-------+-------+-------+-------+-------++-------
Melee: Unarmed           |    12 |    18 |    51 |    16 |    49 ||   146
       Bite              |     2 |     2 |     6 |       |     7 ||    17
 Cast: Summon Small Mamm |    85 |    64 |    12 |       |     3 ||   164
       Call Imp          |    10 |    58 |    39 |     2 |       ||   109
       Call Canine Famil |       |    18 |    87 |    10 |    16 ||   131
       Summon Guardian G |       |       |    81 |    69 |   104 ||   254
       Summon Lightning  |       |       |    41 |    67 |    70 ||   178
       Summon Mana Viper |       |       |       |   152 |   464 ||   616
       Blink             |       |       |       |     2 |     3 ||     5
       Manifold Assault  |       |       |       |       |     1 ||     1
Invok: Potion Petition   |       |       |     1 |     1 |       ||     2
       Call Merchant     |       |       |     2 |       |     1 ||     3
Evoke: Wand              |       |       |    13 |     2 |     4 ||    19
  Use: Scroll            |       |     4 |     8 |    15 |     7 ||    34
       Potion            |       |       |     2 |    10 |     4 ||    16
 Stab: Sleeping          |       |     1 |     1 |       |       ||     2
       Distracted        |       |       |       |       |     2 ||     2
Armor: Skin              |       |     1 |    15 |     7 |    14 ||    37
Dodge: Dodged            |    33 |    36 |   200 |   109 |   129 ||   507
